 Dungeon Crawl Stone Soup version 0.27-a0-343-gfcad680f63 (webtiles) character file.

Game seed: 14222932639975771565

12690 jestyr24 the Protected (level 11, -3/104 HPs)
             Began as a Minotaur Berserker on Feb 14, 2021.
             Was a High Priest of Trog.
             Shot with an arrow by a deep elf archer (11 damage)
             ... on level 13 of the Dungeon.
             The game lasted 00:55:15 (10752 turns).

jestyr24 the Protected (Minotaur Berserker)        Turns: 10752, Time: 00:55:16

Health: -3/104     AC: 21    Str: 25    XL:     11   Next: 65%
Magic:  10/10      EV: 14    Int:  6    God:    Trog [*****.]
Gold:   750        SH:  7    Dex: 10    Spells: 10/10 levels left

rFire    . . .     SeeInvis .   E - +3 flail (protect)
rCold    . . .     Faith    .   x - +1 buckler
rNeg     . . .     Spirit   .   y - +0 plate armour
rPois    .         Reflect  .   (helmet unavailable)
rElec    .         Harm     .   (no cloak)
rCorr    .         Rampage  .   (no gloves)
Will     .....                  (no boots)
Stlth    ..........             (no amulet)
HPRegen  0.27/turn              f - +4 ring of protection
MPRegen  0.12/turn              p - +4 ring of evasion

@: no status effects
A: retaliatory headbutt, horns 3, icy blue scales 1, clever 1
a: Renounce Religion, Berserk, Trog's Hand, Brothers in Arms


You were on level 13 of the Dungeon.
You worshipped Trog.
Trog was extremely pleased with you.
You visited 1 branch of the dungeon, and saw 11 of its levels.
You also visited: Sewer.

You collected 750 gold pieces.

Inventory:

Hand Weapons
 m - a +0 battleaxe
 E - a +3 flail of protection (weapon)
 I - a +0 war axe
 L - a +1 flail of holy wrath
Missiles
 o - 41 poisoned darts (quivered)
 r - 13 boomerangs
 w - 3 curare-tipped darts
 A - 2 datura-tipped darts
 Q - 5 javelins
Armour
 x - a +1 buckler (worn)
 y - a +0 plate armour (worn)
Jewellery
 b - a ring of protection from fire
 f - a +4 ring of protection (left hand)
 j - a ring of positive energy {unknown}
 n - a +6 ring of dexterity
 p - a +4 ring of evasion (right hand)
 q - a ring of resist corrosion {unknown}
 u - a ring of wizardry {unknown}
 C - a ring of see invisible {unknown}
 J - a +4 ring of protection
 P - a ring of protection from cold
Wands
 s - a wand of polymorph (19)
 M - a wand of iceblast (13)
 O - a wand of mindburst (50)
Scrolls
 c - 10 scrolls of identify
 d - 5 scrolls of enchant armour
 e - a scroll of enchant weapon
 z - a scroll of fear
 B - a scroll of fog
 H - 7 scrolls of teleportation
Potions
 a - a potion of resistance
 g - a potion of degeneration {unknown}
 h - 5 potions of flight
 i - a potion of cancellation
 k - 2 potions of heal wounds
 l - 7 potions of curing
 t - a potion of haste
 v - a potion of might
 K - a potion of mutation


   Skills:
 + Level 12.0 Fighting
 + Level 7.7 Axes
 + Level 1.0 Throwing
 + Level 12.6 Armour
 + Level 6.5 Dodging
 - Level 1.8 Stealth
 + Level 10.2 Shields


You had 10 spell levels left.
You didn't know any spells.
Your spell library contained the following spells:

 Spells                   Type           Power        Failure   Level
 Beastly Appendage        Tmut           0%           99%         1
 Foxfire                  Conj/Fire      0%           99%         1
 Magic Dart               Conj           0%           99%         1
 Ensorcelled Hibernation  Hex/Ice        0%           100%        2
 Searing Ray              Conj           0%           100%        2
 Wereblood                Tmut           0%           100%        2
 Dazzling Flash           Conj/Hex       0%           100%        3
 Spider Form              Tmut/Pois      0%           100%        3
 Vampiric Draining        Necr           0%           100%        3
 Animate Armour           Summ/Erth      0%           100%        4
 Fulminant Prism          Conj/Hex       0%           100%        4
 Ice Form                 Ice/Tmut       0%           100%        4
 Iskenderun's Mystic Bla  Conj/Tloc      0%           100%        4
 Sticky Flame             Conj/Fire      0%           100%        4
 Blade Hands              Tmut           0%           100%        5
 Bolt of Magma            Conj/Fire/Erth 0%           100%        5
 Borgnjor's Vile Clutch   Necr/Erth      0%           100%        5
 Silence                  Hex/Air        0%           100%        5
 Shadow Creatures         Summ           N/A          100%        6


Dungeon Overview and Level Annotations

Branches:
Dungeon (10/15)            Temple (0/1) D:6            Lair (0/6) D:9
  Sewer (visited)
    Orc: D:9-12

Altars:
Dithmenos
Gozag
Hepliaklqana
Qazlal
Trog
Vehumet
Zin
The Shining One

Shops:
D:6 ?*   D:10 (*[   D:13 :


Innate Abilities, Weirdness & Mutations

You reflexively headbutt those who attack you in melee.
You have a pair of large horns on your head.
You are partially covered in icy blue scales. (AC +2)
Your mind is acute. (Int +2)


Message History

The vault guard hits you with a +0 battleaxe!
The deep elf archer shoots an arrow.
The arrow hits you!!
You sock the vault guard!
Your weapon exudes an aura of protection.
You headbutt the vault guard!
The vault guard is almost dead.
The deep elf archer gestures at you while chanting.
You resist with significant effort.
The vault guard hits you but does no damage.
You hit the vault guard but do no damage.
You headbutt the vault guard.
The vault guard is almost dead.
The deep elf archer points at you and mumbles some strange words.
You are confused.
The vault guard barely misses you.
The deep elf archer shoots an arrow.
The arrow hits you.
The deep elf archer shoots an arrow.
The arrow hits you.
The vault guard hits you but does no damage.
The deep elf archer points at you and mumbles some strange words.
You resist with significant effort.
The deep elf archer shoots an arrow.
The arrow hits you!
* * * LOW HITPOINT WARNING * * *
The deep elf archer unwields a +0 shortbow.
The deep elf archer wields a +0 short sword.
The deep elf archer hits you with a +0 short sword!
* * * LOW HITPOINT WARNING * * *
You feel less confused.
The deep elf archer hits you but does no damage.
The vault guard hits you with a +0 battleaxe.
* * * LOW HITPOINT WARNING * * *
You miss the deep elf archer.
The deep elf archer is heavily wounded.
You feel yourself speed up.
The deep elf archer blinks!
The vault guard hits you with a +0 battleaxe.
* * * LOW HITPOINT WARNING * * *
The deep elf archer unwields a +0 short sword.
The deep elf archer wields a +0 shortbow.
The deep elf archer shoots an arrow.
The arrow hits you!
You die...

##..≈≈≈≈≈≈≈...≈≈≈≈≈≈e..##.
##.≈≈≈≈≈≈≈...≈≈≈≈≈≈≈..#..
###..###')'###..###.##.
#...# #?).# #...# ## #..
#...# #...# #.. #..e#
#.).# ##'####.#.####'##
#....§..........#
#....@p.........#
#..............(#
########+########


You could see a vault guard and a deep elf archer (repels missiles).

Vanquished Creatures
  2 vault guards (D:13)
  A hydra (D:13)
  2 two-headed ogres
  Pikel (D:4)
  An orc knight (D:13)
  A cyclops (shapeshifter) (D:13)
  An orc sorcerer (D:13)
  A cyclops (D:13)
  A naga mage (D:9)
  A yaktaur (D:13)
  A tengu conjurer (D:13)
  3 trolls
  2 wraiths (D:13)
  3 vampire mosquitoes (D:13)
  Menkaure (D:5)
  Edmund (D:4)
  A water moccasin (D:10)
  An eye of draining (D:9)
  4 ice beasts
  A sky beast (D:8)
  2 orc warriors
  2 black bears
  A necrophage (D:5)
  5 ogres
  3 centaurs
  3 lemures (D:4)
  3 phantoms
  5 kobold brigands
  4 bullfrogs
  A gnoll sergeant (D:10)
  7 scorpions
  A wight (D:13)
  3 killer bees (D:13)
  3 bullfrog zombies
  2 jellies (D:9)
  3 centaur zombies
  3 orc priests
  A centaur skeleton (D:6)
  3 hounds
  A bullfrog skeleton (D:13)
  Ijyb (D:4)
  An iguana (D:13)
  A merfolk siren (Sewer)
  9 orc wizards
  3 worker ants
  A killer bee zombie (D:8)
  A hound skeleton (D:4)
  Robin (D:2)
  3 gnolls (D:10)
  2 river rats (Sewer)
  13 adders
  4 shadow imps
  4 white imps
  2 ufetubi
  2 adder zombies
  An adder skeleton (D:5)
  7 worms
  4 dart slugs
  12 leopard geckos
  22 orcs
  3 ball pythons
  6 bats
  16 giant cockroaches
  15 goblins
  10 hobgoblins
  8 jackals
  5 quokkas
  9 frilled lizards
  20 kobolds
  A quokka skeleton (D:4)
  A quokka zombie (D:5)
  32 rats
306 creatures vanquished.

Notes
Turn   | Place    | Note
-------+----------+-------------------------------------------
     0 | D:1      | jestyr24 the Minotaur Berserker began the quest for the
                  | Orb.
     0 | D:1      | Reached XP level 1. HP: 19/19 MP: 0/0
   295 | D:1      | Reached XP level 2. HP: 27/27 MP: 1/1
   535 | D:1      | Reached XP level 3. HP: 33/33 MP: 2/2
   609 | D:1      | Reached ** piety under Trog
  1026 | D:2      | Noticed Robin
  1040 | D:2      | Reached XP level 4. HP: 41/41 MP: 3/3
  1050 | D:2      | Killed Robin
  1051 | D:2      | Reached skill level 5 in Axes
  1066 | D:2      | Reached *** piety under Trog
  1149 | D:2      | Reached skill level 5 in Fighting
  1239 | D:2      | Reached XP level 5. HP: 48/48 MP: 4/4
  2477 | D:4      | Noticed a lemure
  2477 | D:4      | Noticed a lemure
  2478 | D:4      | Noticed a lemure
  2483 | D:4      | Killed a lemure
  2492 | D:4      | Killed a lemure
  2499 | D:4      | Killed a lemure
  2770 | D:4      | Noticed Ijyb
  2790 | D:4      | Killed Ijyb
  2796 | D:4      | Reached **** piety under Trog
  2918 | D:4      | Reached XP level 6. HP: 52/56 MP: 5/5
  2941 | D:4      | Got a brightly glowing war axe
  2942 | D:4      | Identified the +3 war axe of Intuition {pain, rC+ Dex+2
                  | SInv} (You found it on level 4 of the Dungeon)
  2964 | D:4      | Noticed Edmund
  2985 | D:4      | Killed Edmund
  3318 | D:4      | Noticed Pikel
  3329 | D:4      | Killed Pikel
  3330 | D:4      | Reached skill level 5 in Armour
  3330 | D:4      | Reached skill level 1 in Stealth
  3330 | D:4      | Reached XP level 7. HP: 64/64 MP: 6/6
  3402 | D:5      | Entered Level 5 of the Dungeon
  3444 | D:5      | Found a glowing drain.
  3466 | Sewer    | Entered a sewer
  3782 | D:5      | Reached XP level 8. HP: 71/71 MP: 7/7
  3801 | D:5      | Reached ***** piety under Trog
  4060 | D:5      | Found a glowing golden altar of the Shining One.
  4061 | D:5      | Found a bloodstained altar of Trog.
  4062 | D:5      | Found a stormy altar of Qazlal.
  4062 | D:5      | Found a radiant altar of Vehumet.
  4068 | D:5      | Found a glowing silver altar of Zin.
  4182 | D:5      | Noticed Menkaure
  4187 | D:5      | Killed Menkaure
  4740 | D:6      | Found a staircase to the Ecumenical Temple.
  4766 | D:6      | Found Omoom's Lightly-Used Armoury.
  4962 | D:6      | Found an opulent altar of Gozag.
  5058 | D:6      | Reached skill level 5 in Dodging
  5223 | D:6      | Found Naqoybro's Magic Scroll Shop.
  5757 | D:7      | Reached XP level 9. HP: 80/81 MP: 8/8
  5766 | D:7      | Received a gift from Trog
  5960 | D:7      | Reached skill level 5 in Shields
  6593 | D:8      | Gained mutation: You tend to lose your temper in combat.
                  | [potion of mutation]
  6593 | D:8      | Gained mutation: You expend magic power (3 MP) to
                  | strengthen your wands. [potion of mutation]
  6668 | D:8      | Found a shadowy altar of Dithmenos.
  6669 | D:8      | Found a hazy altar of Hepliaklqana.
  6800 | D:8      | Noticed a troll
  6825 | D:8      | Killed a troll
  6845 | D:8      | Reached skill level 1 in Throwing
  7707 | D:9      | Reached XP level 10. HP: 90/91 MP: 9/9
  7798 | D:9      | Reached skill level 10 in Armour
  8053 | D:9      | Noticed a two-headed ogre
  8062 | D:9      | Killed a two-headed ogre
  8063 | D:9      | Reached skill level 10 in Fighting
  8390 | D:9      | Found a staircase to the Lair.
  8527 | D:9      | Noticed a naga mage
  8727 | D:9      | Killed a naga mage
  8745 | D:9      | Lost mutation: You tend to lose your temper in combat.
                  | [potion of mutation]
  8745 | D:9      | Lost mutation: You expend magic power (3 MP) to strengthen
                  | your wands. [potion of mutation]
  8745 | D:9      | Gained mutation: You are partially covered in icy blue
                  | scales. (AC +2) [potion of mutation]
  8745 | D:9      | Gained mutation: You have a pair of large horns on your
                  | head. [potion of mutation]
  8745 | D:9      | Gained mutation: Your mind is acute. (Int +2) [potion of
                  | mutation]
  8751 | D:9      | Identified the Volume of Ghastly Conjuration
  8837 | D:10     | Entered Level 10 of the Dungeon
  8839 | D:10     | Found Qas Bok's Armour Shoppe.
  8991 | D:10     | Found Mucw's Antique Weapon Boutique.
  9017 | D:10     | Found Udel Qux's Assorted Antiques.
  9065 | D:10     | You fall into a shaft and drop 3 floors!
  9114 | D:13     | Noticed a vault guard
  9114 | D:13     | Noticed a deep elf archer
  9127 | D:13     | Noticed a two-headed ogre
  9140 | D:13     | Killed a two-headed ogre
  9336 | D:13     | Found Kovvuet's Book Boutique.
  9342 | D:13     | Noticed a deep elf archer
  9342 | D:13     | Noticed a vault guard
  9671 | D:13     | Reached XP level 11. HP: 80/102 MP: 10/10
  9838 | D:13     | Found a runed translucent door.
  9842 | D:13     | Noticed a six-headed hydra
  9853 | D:13     | Killed a six-headed hydra
  9880 | D:13     | Noticed an orc knight
  9891 | D:13     | Received a gift from Trog
  9911 | D:13     | Killed an orc knight
  9938 | D:13     | Noticed a wolf spider
  9939 | D:13     | Noticed a satyr
  9939 | D:13     | a wolf spider changed into a satyr
  9944 | D:13     | a satyr changed into a tyrant leech
  9948 | D:13     | Noticed a wolf spider
  9948 | D:13     | a tyrant leech changed into a wolf spider
  9952 | D:13     | a wolf spider changed into a faun
  9955 | D:13     | Noticed a glowing shapeshifter
  9955 | D:13     | a merfolk changed into a glowing shapeshifter
  9956 | D:13     | a glowing shapeshifter changed into a cyclops
 10262 | D:13     | Noticed an orc sorcerer
 10262 | D:13     | Noticed a vault guard
 10275 | D:13     | Killed an orc sorcerer
 10277 | D:13     | Reached skill level 10 in Shields
 10291 | D:13     | Killed a vault guard
 10557 | D:13     | Killed a vault guard
 10752 | D:13     | Shot with an arrow by a deep elf archer

Illustrated notes

Levels and vault maps discovered:
D:1:      saegor_arrival_simple_b, layout_rooms
D:2:      layout_loops_ring, uniq_robin
D:3:      minmay_inner_zag, layout_basic, kennysheep_minor_cross
D:4:      layout_loops_ring, uniq_ijyb, uniq_edmund, uniq_pikel
D:5:      layout_basic, grunt_temple_overflow_open, portal_sewer_entry_f,
          uniq_menkaure
D:6:      layout_loops_ring, minmay_temple_entry_proselytizer, basic_altar,
          serial_shops, shop, minmay_shop_damaged
D:7:      layout_loops_ring, kennysheep_generic_room_14
D:8:      layout_cave_pools, riverfiend_overflow_shadow_ancestor,
          minmay_misc_feat_iff
D:9:      layout_basic, lair_entry_dummy, serial_corexii_hall,
          chequers_hall_statues_wall_a, chequers_hall_statues_corner_a,
          corexii_hall_statues_u, corexii_hall_statues_s, minmay_librarian
D:10:     layout_roguey, serial_shops, kennysheep_mini, nicolae_shop_waterfront,
          shop, eino_jars
D:13:     layout_big_octagon, grunt_vaults_entry_fortified, serial_shops, shop,
          st_stairs_1, lightli_airlock

Skill      XL: |  1  2  3  4  5  6  7  8  9 10 11 |
---------------+----------------------------------+-----
Axes           | 4 5 7 |  7.7
Fighting       | 4 5 6 8 9 11 12 | 12.0
Dodging        | 3 4 5 6 |  6.5
Armour         | 3 5 7 9 11 12 | 12.6
Stealth        | 1 |  1.8
Shields        | 2 4 7 9 10 | 10.2
Throwing       | 1 |  1.0

Action                   |  1- 3 |  4- 6 |  7- 9 | 10-12 || total
-------------------------+-------+-------+-------+-------++-------
Melee: Hand axe          |    40 |       |       |       ||    40
       Headbutt          |    11 |    52 |    87 |    68 ||   218
       Mace              |    45 |   146 |       |       ||   191
       Flail             |       |    18 |   334 |   284 ||   636
       War axe           |       |       |       |    30 ||    30
Throw: Dart              |       |     2 |     1 |       ||     3
Invok: Berserk           |       |       |     1 |       ||     1
  Use: Potion            |       |       |     9 |     2 ||    11
       Scroll            |       |       |     8 |     3 ||    11
Armor: Animal skin       |    12 |       |       |       ||    12
       Scale mail        |    36 |    94 |    45 |       ||   175
       Chain mail        |       |       |    36 |       ||    36
       Plate armour      |       |       |   137 |   184 ||   321
Dodge: Dodged            |    55 |    79 |   182 |   210 ||   526
Block: Buckler           |       |    18 |    87 |   106 ||   211

Table legend: (Time is in decaauts)
 A = Elapsed time spent in this place.
 B = Non-inter-level travel time spent in this place.
 C = Inter-level travel time spent in this place.
 D = Time resting spent in this place.
 E = Time spent auto-exploring this place.
 F = Levels seen in this place.
 G = Mean time per level.
                   A        B        C        D        E       F      G
               +--------+--------+--------+--------+--------+-----+--------+
         Total |  11003 |  10810 |    193 |   2047 |   4928 |  12 |  916.9 |
       Dungeon |  10677 |  10484 |    193 |   2047 |   4928 |  11 |  970.6 |
         Sewer |    326 |    326 |      0 |      0 |      0 |   1 |  326.0 |
               +--------+--------+--------+--------+--------+-----+--------+

Top non-repeatable levels by time:
    D:13: 1750 daAuts
     D:9: 1437 daAuts
     D:5: 1073 daAuts
     D:3: 996 daAuts
     D:7: 975 daAuts
     D:8: 923 daAuts
     D:1: 848 daAuts
     D:4: 848 daAuts
     D:6: 821 daAuts
     D:2: 768 daAuts
   Sewer: 326 daAuts
    D:10: 236 daAuts
